 Dungeon Sprint DCSS version 0.21.0-24-g2553a33 (webtiles) character file.

29524 letownia2 the Wrestler (level 13, -18/152 HPs)
             Began as a Troll Wizard on Jan 19, 2018.
             Was an Elder of Ru.
             Killed from afar by Lom Lobon (57 damage)
             ... with a great icy blast
             ... in the Dungeon (Sprint I: "Red Sonja").
             The game lasted 00:33:55 (3564 turns).

letownia2 the Wrestler (Troll Wizard)               Turns: 3564, Time: 00:33:55

Health: -18/152    AC:  8    Str: 24    XL:     13   Next: 15%
Magic:  8/19       EV: 18    Int: 15    God:    Ru [****..]
Gold:   2784       SH: 10    Dex: 18    Spells: 13/22 levels left

rFire    . . .     SeeInvis .     - Unarmed
rCold    + . .     Gourm    +   D - +0 shield
rNeg     . . .     Faith    +   p - +1 troll leather armour
rPois    .         Spirit   .   b - +0 hat
rElec    .         Reflect  .   (no cloak)
rCorr    .         Harm     .   (gloves unavailable)
MR       +....     NoTele   +   (boots unavailable)
Stlth    ..........             t - amulet of Symifu {Faith rC+ Slay+3}
HPRegen  1.15/turn              a - +5 ring of dexterity
MPRegen  0.16/turn              (no ring)

@: mighty, agile, exhausted, frozen, no potions, very slightly contaminated,
hasted, drained, quick
A: large, unfitting armour, claws 3, deterioration 1, dopey 1, fast metabolism
3, gourmand, magic resistance 1, regeneration 1, shaggy fur 1, tough skin 2,
evolution 1, inability to drink while threatened, no stealth, hated by all,
inability to train armour, MP-powered wands
a: Draw Out Power, Power Leap, Renounce Religion


You were in the Dungeon.
You worshipped Ru.
Ru was greatly pleased with you.
You were not hungry.

You visited 1 branch You collected 4185 gold pieces.
You spent 1401 gold pieces at shops.

Inventory:

Hand Weapons
 c - a +1 blowgun
Missiles
 m - 8 curare-tipped needles
 y - a throwing net (quivered)
Armour
 b - a +0 hat (worn)
 p - a +1 troll leather armour (worn)
 D - a +0 shield (worn)
Magical Staves
 H - an uncursed staff of poison
Jewellery
 a - a +5 ring of dexterity (left claw)
 n - an uncursed amulet of faith
 t - the amulet of Symifu (around neck) {Faith rC+ Slay+3}
   (You found it in the Dungeon)

   [amulet of faith]

   It allows you to gain divine favour quickly.
   It affects your accuracy and damage with ranged weapons and melee attacks
   (+3).
   It protects you from cold.
Wands
 s - a wand of acid (4)
 z - a wand of flame (31)
Scrolls
 k - a scroll of enchant weapon
 r - a scroll of fear
 v - a scroll of identify
Potions
 e - 3 potions of curing
 f - a potion of heal wounds
 g - a potion of haste
 h - 4 potions of magic
 i - 2 potions of berserk rage
 u - a potion of might
 w - a potion of ambrosia
 A - a potion of mutation
 B - a potion of lignification
 C - a potion of brilliance
Books
 l - a book of Minor Magic

   Spells                             Type                      Level
   a - Magic Dart                     Conjuration                  1
   b - Blink                          Translocation                2
   c - Call Imp                       Summoning                    2
   d - Slow                           Hexes                        2
   e - Conjure Flame                  Conjuration/Fire             3
   f - Mephitic Cloud                 Conjuration/Poison/Air       3
Miscellaneous
 G - a sack of spiders
Comestibles
 d - 7 rations


   Skills:
 - Level 15.9(15.4) Fighting
 - Level 7.9(7.5) Dodging
 + Level 4.0(3.6) Shields
 - Level 22.4(21.9) Unarmed Combat
 - Level 5.1(4.7) Spellcasting
 - Level 4.4(4.1) Conjurations
   Level 0.6(0.3) Summonings
 - Level 2.4(2.1) Translocations
 - Level 4.4(4.1) Fire Magic
 - Level 2.0(1.7) Air Magic
 - Level 2.2(1.9) Poison Magic


You had 13 spell levels left.
You knew the following spells:

 Your Spells              Type           Power        Failure   Level  Hunger
a - Magic Dart            Conj           ###.         11%         1    None
b - Blink                 Tloc           N/A          36%         2    ##.....
c - Conjure Flame         Conj/Fire      ###.....     32%         3    ###....
e - Mephitic Cloud        Conj/Pois/Air  ##......     54%         3    ###....


Dungeon Overview and Level Annotations

Branches:
Dungeon (1/1)

Altars:
Cheibriados
Dithmenos
Elyvilon
Fedhas
Gozag
Hepliaklqana
Kikubaaqudgha
Makhleb
Nemelex Xobeh
Okawaru
Qazlal
Ru
Sif Muna
Trog
Uskayaw
Vehumet
Wu Jian
Xom
Yredelemnul
Zin
The Shining One
Jiyva
Lugonu

Shops:
D =%:}%=*?(}(*(=:([(*[(!

Annotations:
D Lom Lobon, Tiamat


Innate Abilities, Weirdness & Mutations

You are too large for most types of armour.
You have claws for hands.
Your metabolism is lightning-fast.
You like to eat raw meat.
Your natural rate of healing is unusually fast.
You are covered in fur. (AC +1)
You have very tough skin. (AC +2)
You cannot drink potions while threatened.
You cannot be stealthy.
You are hated by all.
You cannot train Armour skill.
Your body sometimes deteriorates upon taking damage.
You are dopey. (Int -2)
You are resistant to hostile enchantments. (MR+)
You evolve.
You expend magic power (3 MP) to strengthen your wands.


Message History

Lom Lobon is moderately wounded.
You are engulfed in freezing vapours.
You resist. Lom Lobon hits you but does no damage.
Unknown command.
Okay, then.
Your shield prevents you from hitting Lom Lobon.
Lom Lobon is moderately wounded.
You are engulfed in freezing vapours.
You resist.
* * * LOW HITPOINT WARNING * * *
Unknown command.
Unknown command.
Unknown command.
You eviscerate Lom Lobon!!!
Lom Lobon is moderately wounded.
You are engulfed in freezing vapours.
You resist.
* * * LOW HITPOINT WARNING * * *
Lom Lobon gestures at you.
Lom Lobon conjures a mighty blast of ice!
The great icy blast engulfs you! You partially resist.
You die...

...#####...####.#≈≈≈≈##(.....##$$
.......).### ..#≈≈≈≈≈########..$
)....#####.§ ^####≈≈≈≈#≈≈≈≈§#...§
....## §...§. #'≈≈≈+≈≈.≈≈§§§.
...## §§§§. $$$##≈≈#≈≈≈≈≈#≈ ...#
§§§§§ $ ######'##### #### ...§^§
#≈≈≈≈≈≈≈≈≈≈# ≈≈≈≈≈≈
§§§§..#######&**≈≈≈≈≈≈≈≈≈ ######
§§§...+§@#}§'...≈≈≈≈≈≈≈#≈ 0..'.
#§§&|)#$...$$$$≈≈≈# ######
###################


You could see Lom Lobon.

Vanquished Creatures
  A golden dragon (D)
  A shadow dragon (D)
  4 fire giants (D)
  A lorocyproca (D)
  A deep elf annihilator (D)
  A mummy priest (D)
  A hydra (D)
  2 centaur warriors (D)
  Sonja (D)
  6 unseen horrors (D)
  A deep troll (D)
  A lindwurm (D)
  2 oklob plants (D)
  8 shining eyes (D)
  2 merfolk sirens (D)
  2 gargoyles (D)
  4 demonic crawlers (D)
  2 kobold demonologists (D)
  A hellwing (D)
  A slime creature (D)
  3 hornets (D)
  Sigmund (D)
  2 redbacks (D)
  A yak (D)
  13 hogs (D)
  7 floating eyes (D)
  7 necrophages (D)
  An ogre (D)
  8 jellies (D)
  Ijyb (D)
  4 ballistomycetes (D)
91 creatures vanquished.

Vanquished Creatures (others)
  the Lernaean hydra (D)
  A deep elf master archer (D)
  An unseen horror (D)
  2 hornets (D)
  6 ball lightnings (D)
  2 ballistomycete spores (D)
13 creatures vanquished.

Grand Total: 104 creatures vanquished

Notes
Turn   | Place    | Note
-------+----------+-------------------------------------------
     0 | D        | letownia2 the Troll Wizard began the quest for the Orb.
     0 | D        | Reached XP level 1. HP: 16/16 MP: 2/2
     2 | D        | Noticed Ijyb
    44 | D        | Killed Ijyb
    44 | D        | Reached skill level 4 in Unarmed Combat
    44 | D        | Reached XP level 2. HP: 15/29 MP: 4/4
    53 | D        | Learned a level 2 spell: Blink
    53 | D        | Noticed an ogre
    81 | D        | Killed an ogre
    81 | D        | Reached skill level 6 in Unarmed Combat
    81 | D        | Reached XP level 3. HP: 34/36 MP: 1/5
    81 | D        | Reached XP level 4. HP: 42/44 MP: 1/6
    89 | D        | Learned a level 3 spell: Mephitic Cloud
   130 | D        | Noticed Sigmund
   135 | D        | Killed Sigmund
   135 | D        | Reached skill level 7 in Unarmed Combat
   135 | D        | Reached XP level 5. HP: 50/50 MP: 3/8
   140 | D        | Learned a level 3 spell: Conjure Flame
   154 | D        | Found an ornate altar of the Wu Jian Council.
   154 | D        | Found a deep blue altar of Sif Muna.
   156 | D        | Found a radiant altar of Vehumet.
   165 | D        | Reached skill level 1 in Fire Magic
   165 | D        | Reached XP level 6. HP: 55/59 MP: 3/9
   172 | D        | Found Fesezerr's Gadget Emporium.
   172 | D        | Found an ancient bone altar of Kikubaaqudgha.
   172 | D        | Found a hazy altar of Hepliaklqana.
   172 | D        | Found a stormy altar of Qazlal.
   172 | D        | Found a hide-covered altar of Uskayaw.
   172 | D        | Found a blossoming altar of Fedhas.
   172 | D        | Found a bloodstained altar of Trog.
   172 | D        | Found an iron altar of Okawaru.
   172 | D        | Found a basalt altar of Yredelemnul.
   172 | D        | Found a glowing golden altar of the Shining One.
   172 | D        | Found a snail-covered altar of Cheibriados.
   172 | D        | Found a sacrificial altar of Ru.
   172 | D        | Found a glowing silver altar of Zin.
   172 | D        | Found a shadowy altar of Dithmenos.
   172 | D        | Found a white marble altar of Elyvilon.
   172 | D        | Noticed a yak
   179 | D        | Killed a yak
   179 | D        | Reached skill level 9 in Unarmed Combat
   180 | D        | Found an opulent altar of Gozag.
   198 | D        | Found a sparkling altar of Nemelex Xobeh.
   203 | D        | Became a worshipper of Ru the Awakened
   215 | D        | Noticed Sonja
   224 | D        | Killed Sonja
   224 | D        | Reached skill level 5 in Fighting
   224 | D        | Reached skill level 11 in Unarmed Combat
   224 | D        | Reached XP level 7. HP: 26/72 MP: 7/10
   261 | D        | Found a viscous altar of Jiyva.
   261 | D        | Found a corrupted altar of Lugonu.
   261 | D        | Noticed a slime creature
   264 | D        | Found a burning altar of Makhleb.
   264 | D        | Found a shimmering altar of Xom.
   274 | D        | Killed a slime creature
   274 | D        | Reached XP level 8. HP: 10/83 MP: 0/11
   315 | D        | Found Faycoank's Jewellery Boutique.
   452 | D        | Bought an uncursed amulet of faith for 440 gold pieces
   459 | D        | Noticed a shining eye
   459 | D        | Noticed a shining eye
   459 | D        | Noticed a shining eye
   461 | D        | Gained mutation: You have an increased reservoir of magic. (+10% MP) [a shining eye]
   461 | D        | Paralysed by a floating eye for 4 turns
   469 | D        | Paralysed by a floating eye for 4 turns
   474 | D        | Reached skill level 12 in Unarmed Combat
   479 | D        | Killed a shining eye
   479 | D        | Reached skill level 13 in Unarmed Combat
   480 | D        | Paralysed by a floating eye for 2 turns
   483 | D        | Paralysed by a floating eye for 2 turns
   488 | D        | Paralysed by a floating eye for 2 turns
   492 | D        | Paralysed by a floating eye for 4 turns
   501 | D        | Gained mutation: Your body sometimes deteriorates upon taking damage. [a shining eye]
   520 | D        | Killed a shining eye
   520 | D        | Reached XP level 9. HP: 93/93 MP: 7/14
   528 | D        | Gained mutation: You evolve. [a shining eye]
   530 | D        | Killed a shining eye
   530 | D        | Reached skill level 14 in Unarmed Combat
   539 | D        | Noticed a shining eye
   539 | D        | Noticed a shining eye
   539 | D        | Noticed a shining eye
   560 | D        | Lost mutation: You have an increased reservoir of magic. (+10% MP) [a shining eye]
   561 | D        | Killed a shining eye
   594 | D        | Killed a shining eye
   594 | D        | Reached skill level 15 in Unarmed Combat
   623 | D        | Killed a shining eye
   623 | D        | Reached skill level 16 in Unarmed Combat
   636 | D        | Noticed a shining eye
   636 | D        | Noticed a shining eye
   637 | D        | Gained mutation: You are dopey. (Int -2) [a shining eye]
   659 | D        | Gained mutation: You are resistant to hostile enchantments. (MR+) [a shining eye]
   663 | D        | Killed a shining eye
   663 | D        | Reached XP level 10. HP: 102/102 MP: 2/15
   676 | D        | Gained mutation: You expend magic power (3 MP) to strengthen your wands. [a shining eye]
   690 | D        | Killed a shining eye
   690 | D        | Reached skill level 17 in Unarmed Combat
   719 | D        | Paralysed by a floating eye for 2 turns
   731 | D        | Found Taluth's Food Shop.
   731 | D        | Found Wudil's Food Shoppe.
   731 | D        | Found Rawear's Jewellery Boutique.
   731 | D        | Found Pirut's Book Emporium.
   766 | D        | Noticed a deep troll
   774 | D        | Killed a deep troll
   803 | D        | Gained mutation: You are hated by all. [Ru sacrifice]
   803 | D        | Reached * piety under Ru
   837 | D        | Noticed a centaur warrior
   843 | D        | Killed a centaur warrior
   843 | D        | Reached skill level 18 in Unarmed Combat
   854 | D        | Noticed a centaur warrior
   915 | D        | Killed a centaur warrior
   928 | D        | Noticed an oklob plant
   938 | D        | Killed an oklob plant
   938 | D        | Reached skill level 19 in Unarmed Combat
   970 | D        | Paralysed by a floating eye for 4 turns
  1017 | D        | Reached XP level 11. HP: 98/109 MP: 7/16
  1047 | D        | Found Penneteu's Armour Emporium.
  1099 | D        | Killed an unseen horror
  1138 | D        | Killed an unseen horror
  1138 | D        | Reached skill level 20 in Unarmed Combat
  1138 | D        | Reached skill level 5 in Spellcasting
  1300 | D        | Found Kilo's Magic Scroll Shoppe.
  1300 | D        | Found Wuatuokh's Assorted Antiques.
  1300 | D        | Found Vourag's Antique Weapon Boutique.
  1302 | D        | Found Igyeckua's Gadget Emporium.
  1302 | D        | Found Tikloz's Weapon Shop.
  1302 | D        | Found Fahufon's General Store.
  1302 | D        | Found Juug's Antique Weapon Boutique.
  1302 | D        | Found Zeshrarch's Jewellery Emporium.
  1302 | D        | Found Fili Moe's Book Shop.
  1302 | D        | Found Mogiraun's Weapon Shoppe.
  1304 | D        | Bought a puce potion for 21 gold pieces
  1304 | D        | Bought an orange potion for 21 gold pieces
  1304 | D        | Bought an orange potion for 21 gold pieces
  1304 | D        | Bought a fuming black potion for 21 gold pieces
  1305 | D        | Found Fyitam's Armour Boutique.
  1306 | D        | Found Gogo's Assorted Antiques.
  1306 | D        | Found Zorim's Weapon Boutique.
  1307 | D        | Found Woybe's Weapon Emporium.
  1321 | D        | Gained mutation: You cannot train Armour skill. [Ru sacrifice]
  1321 | D        | Reached ** piety under Ru
  1328 | D        | Bought 2 scrolls of identify for 56 gold pieces
  1331 | D        | Bought a scroll of identify for 28 gold pieces
  1342 | D        | Bought a potion of lignification for 54 gold pieces
  1342 | D        | Bought a scroll labeled MEBBEL LOCIAB for 18 gold pieces
  1352 | D        | Bought a scroll of identify for 28 gold pieces
  1361 | D        | Bought a glowing orange potion for 16 gold pieces
  1419 | D        | Reached skill level 10 in Fighting
  1458 | D        | Noticed a lindwurm
  1468 | D        | Killed a lindwurm
  1606 | D        | Noticed a daeva
  1614 | D        | Noticed a 12-headed hydra
  1630 | D        | Killed a 15-headed hydra
  1700 | D        | Noticed a deep elf annihilator
  1703 | D        | Reached skill level 5 in Dodging
  1732 | D        | Killed a deep elf annihilator
  1732 | D        | Reached XP level 12. HP: 136/136 MP: 11/18
  1763 | D        | Paralysed by a hornet for 3 turns
  1825 | D        | Noticed a mummy priest
  1884 | D        | Noticed the 27-headed Lernaean hydra
  2007 | D        | Gained mutation: You cannot drink potions while threatened. [Ru sacrifice]
  2007 | D        | Reached *** piety under Ru
  2007 | D        | Reached **** piety under Ru
  2181 | D        | Noticed a fire giant
  2198 | D        | Killed a fire giant
  2198 | D        | Reached skill level 21 in Unarmed Combat
  2227 | D        | Noticed a fire giant
  2228 | D        | Noticed a fire giant
  2246 | D        | Killed a fire giant
  2275 | D        | Noticed a fire giant
  2280 | D        | Killed a fire giant
  2317 | D        | Killed the 27-headed Lernaean hydra
  2371 | D        | Killed a deep elf master archer
  2383 | D        | Killed a fire giant
  2428 | D        | Noticed Tiamat
  2642 | D        | Killed a lorocyproca
  2642 | D        | Reached skill level 15 in Fighting
  2870 | D        | Bought 2 potions of agility for 192 gold pieces
  3048 | D        | Noticed a shadow dragon
  3048 | D        | Noticed a golden dragon
  3065 | D        | Killed a golden dragon
  3065 | D        | Reached skill level 22 in Unarmed Combat
  3065 | D        | Reached XP level 13. HP: 152/152 MP: 19/19
  3068 | D        | Killed a shadow dragon
  3246 | D        | Found Kuosidot's Distillery.
  3262 | D        | Bought a potion of lignification for 39 gold pieces
  3262 | D        | Bought a potion of brilliance for 52 gold pieces
  3350 | D        | Bought a wand of acid (8) for 336 gold pieces
  3384 | D        | Bought a +0 shield for 58 gold pieces
  3458 | D        | Killed a mummy priest
  3458 | D        | Noticed a reaper
  3494 | D        | Noticed Lom Lobon
  3504 | D        | Gained mutation: You cannot be stealthy. [Ru sacrifice]
  3522 | D        | Got a shimmering ivory amulet
  3540 | D        | Identified the amulet of Symifu {Faith rC+ Slay+3} (You found it in the Dungeon)
  3564 | D        | Killed from afar by Lom Lobon

Skill      XL: |  1  2  3  4  5  6  7  8  9 10 11 12 13 |
---------------+----------------------------------------+-----
Fighting       | 2 5 7 13 15 | 15.9
Unarmed Combat | 4 6 7 11 13 16 19 20 22 | 22.4
Conjurations   | 3 4 |  4.4
Spellcasting   | 3 4 5 |  5.1
Translocations | 2 |  2.4
Air Magic      | 2 |  2.0
Poison Magic   | 2 |  2.2
Fire Magic     | 1 4 |  4.4
Dodging        | 2 4 5 7 |  7.9
Armour         | 2 0 |  0.0
Shields        | 4 |  4.0
Stealth        | 0 |  0.0
Summonings     | |  0.6

Action                   |  1- 3 |  4- 6 |  7- 9 | 10-12 | 13-15 || total
-------------------------+-------+-------+-------+-------+-------++-------
Melee: Unarmed           |    49 |    16 |    53 |   199 |    18 ||   335
       Punch             |       |     1 |     2 |    12 |     2 ||    17
 Fire: Blowgun           |       |       |       |     8 |       ||     8
 Cast: Blink             |     1 |       |     2 |    10 |     1 ||    14
       Mephitic Cloud    |       |     2 |       |    10 |       ||    12
       Conjure Flame     |       |     1 |    12 |    21 |       ||    34
Invok: Sacrifice Love    |       |       |       |     1 |       ||     1
       Sacrifice Durabil |       |       |       |     1 |       ||     1
       Draw Out Power    |       |       |       |     1 |     1 ||     2
       Sacrifice Drink   |       |       |       |     1 |       ||     1
       Sacrifice Stealth |       |       |       |       |     1 ||     1
Evoke: Wand              |       |       |       |     1 |     4 ||     5
  Use: Scroll            |       |       |       |     7 |     5 ||    12
       Potion            |       |       |       |     3 |     4 ||     7
 Stab: Confused          |       |       |       |     4 |       ||     4
       Distracted        |       |       |       |     1 |       ||     1
       Invisible         |       |       |       |     1 |       ||     1
  Eat: Chunk             |     2 |     4 |     2 |    26 |       ||    34
Armor: Robe              |     9 |     3 |       |       |       ||    12
       Troll leather arm |       |       |       |    48 |     4 ||    52
       Skin              |       |       |       |    16 |       ||    16
Dodge: Dodged            |    23 |     3 |       |    32 |       ||    58
Block: Shield            |       |       |       |       |     1 ||     1
